 Dungeon Crawl Stone Soup version 0.31.0-1-g2c135a0 (webtiles) character file.

Game seed: 7610020294992949962

1583021 Dhd the Merry Kobold (level 27, 126/196 HPs)
             Began as a Kobold Hexslinger on Feb 29, 2024.
             Was a High Priest of Elyvilon.
             Escaped with the Orb
             ... and 3 runes on Mar 1, 2024!
             The game lasted 05:17:52 (85247 turns).

Dhd the Merry Kobold (Kobold Hexslinger)           Turns: 85247, Time: 05:17:52

Health: 126/196    AC: 19    Str:  8    XL:     27
Magic:  45/45      EV: 43    Int: 16    God:    Elyvilon [*****.]
Gold:   9441       SH:  5    Dex: 27    Spells: 5/38 levels left

rFire   + + +        a - +9 triple crossbow (flame)
rCold   + + .        (shield currently unavailable)
rNeg    + . .        K - +3 leather armour of Woehieh {+Blink rF+ Regen+}
rPois   +            C - -2 hat of the Alchemist {rElec rPois rF+ rC+ rN+ Will+ rMut rCorr}
rElec   +            G - +2 cloak {Will+}
rCorr   +            x - +3 pair of gauntlets of War {Slay+5}
SInv    .            P - +2 pair of boots {Fly}
Will    ++++.        w - amulet "Lecaneipn" {Reflect rF+ SH+5}
Stlth   +++          z - ring of protection from cold
HPRegen 1.32/turn    u - ring of Doost {MP+9 Slay+5 Stlth+}
MPRegen 0.29/turn

%: reflection, resist mutation
@: swift, flying, studying 2 skills, quick
A: small, no large weapons, nightstalker 3, talons 1, iridescent scales 1,
inability to read after injury 1
0: Orb of Zot
}: 3/15 runes: serpentine, barnacled, silver
a: Renounce Religion, Evoke Blink, Purification, Heal Other, Heal Self, Divine
Vigour


You escaped.
You worshipped Elyvilon.
Elyvilon was extremely pleased with you.
You visited 10 branches of the dungeon, and saw 48 of its levels.
You also visited: Gauntlet, Ice Cave, Volcano and Wizlab.

You collected 12985 gold pieces.
You spent 3544 gold pieces at shops.

Inventory:

Hand Weapons
 a - a +9 triple crossbow of flaming (weapon)
Missiles
 M - 14 throwing nets {!f}
Armour
 x - the +3 pair of gauntlets of War (worn) {Slay+5}
   (You found it in a Gauntlet)

   Slay+5:    It affects your accuracy & damage with ranged weapons and melee
   (+5).
 C - the -2 hat of the Alchemist (worn) {rElec rPois rF+ rC+ rN+ Will+ rMut rCorr}
   (You found it on level 7 of the Dungeon)

   rF+:       It protects you from fire.
   rC+:       It protects you from cold.
   rElec:     It insulates you from electricity.
   rPois:     It protects you from poison rN+: It protects you from negative
   energy.
   Will+:     It increases your willpower.
   rCorr:     It protects you from acid and corrosion.
   rMut:      It protects you from mutation.
 G - a +2 cloak of willpower (worn)
 K - the +3 leather armour of Woehieh (worn) {+Blink rF+ Regen+}
   (You found it on level 4 of the Shoals)

   rF+:       It protects you from fire.
   +Blink:    It lets you blink.
   Regen+:    It increases your rate of health regeneration.
 P - a +2 pair of boots of flying (worn)
Jewellery
 d - the amulet of Zefoog Hao {Reflect Will+ SH+5}
   (You found it on level 4 of the Shoals)

   [amulet of reflection]

   Reflect:   It reflects blocked missile attacks.
   Will+:     It increases your willpower.
   SH+5:      It affects your SH (+5).
 u - the ring of Doost (right hand) {MP+9 Slay+5 Stlth+}
   (You took it off a vault guard on level 5 of the Vaults)

   [ring of magical power]

   Slay+5:    It affects your accuracy & damage with ranged weapons and melee
   (+5).
   MP+9:      It affects your magic capacity (+9).
   Stlth+:    It makes you more stealthy.
 w - the amulet "Lecaneipn" (around neck) {Reflect rF+ SH+5}
   (You acquired it on level 10 of the Dungeon)

   [amulet of reflection]

   Reflect:   It reflects blocked missile attacks.
   rF+:       It protects you from fire.
   SH+5:      It affects your SH (+5).
 z - a ring of protection from cold (left hand)
 U - a ring of willpower
Wands
 g - a wand of flame (66)
 H - a wand of polymorph (29)
 J - a wand of digging (33)
 R - a wand of mindburst (38)
 W - a wand of iceblast (57)
 Z - a wand of quicksilver (33)
Scrolls
 c - 6 scrolls of amnesia
 f - 19 scrolls of teleportation
 m - 9 scrolls of brand weapon
 n - 2 scrolls of summoning
 o - 16 scrolls of fear
 q - a scroll of revelation
 r - 6 scrolls of immolation
 y - 8 scrolls of enchant armour
 D - 10 scrolls of vulnerability
 I - 6 scrolls of fog
 O - 13 scrolls of enchant weapon
 S - 3 scrolls of silence {!r}
 X - 15 scrolls of poison
Potions
 b - 11 potions of berserk rage {!q}
 e - 31 potions of curing
 h - 6 potions of magic
 i - 13 potions of enlightenment
 j - 18 potions of heal wounds
 k - 10 potions of might
 l - 8 potions of resistance
 A - 8 potions of invisibility
 B - 6 potions of cancellation
 E - 8 potions of lignification
 F - a potion of haste
 T - 17 potions of mutation
 V - 16 potions of ambrosia
 Y - 12 potions of brilliance
Miscellaneous
 s - a sack of spiders (inert)
 t - a phantom mirror
 v - a phial of floods
 N - a lightning rod (4/4)
 Q - a tin of tremorstones (2/2)


   Skills:
 + Level 26.4 Fighting
 - Level 4.0 Short Blades
 O Level 27 Ranged Weapons
 - Level 12.0 Armour
 O Level 27 Dodging
 - Level 12.0 Stealth
 - Level 6.0 Spellcasting
 - Level 12.0 Hexes
 - Level 9.0 Translocations
 - Level 1.0 Fire Magic
 - Level 6.0 Ice Magic
 - Level 12.0 Air Magic
 - Level 12.0 Alchemy
 - Level 18.0 Invocations
 - Level 14.0 Evocations


You had 5 spell levels left.
You knew the following spells:

 Your Spells              Type           Power      Damage    Failure   Level
a - Dimensional Bullseye  Hex/Tloc       19%        N/A       2%          4
b - Yara's Violent Unrav  Hex/Alch       21%        3d10      3%          5
c - Swiftness             Air            43%        N/A       1%          3
d - Cause Fear            Hex            21%        N/A       1%          4
e - Passage of Golubria   Tloc           33%        N/A       4%          4
f - Ozocubu's Armour      Ice            24%        N/A       4%          3
g - Inner Flame           Hex/Fire       25%        N/A       3%          3
j - Silence               Hex/Air        21%        N/A       3%          5
B - Blink                 Tloc           66%        N/A       1%          2

Your spell library contained the following spells:

 Spells                   Type           Power      Damage    Failure   Level
 Apportation              Tloc           66%        N/A       1%          1
 Freeze                   Ice            96%        1d10      1%          1
 Shock                    Conj/Air       96%        1d9       1%          1
 Sting                    Conj/Alch      96%        1d9       1%          1
 Cigotuvi's Dreadful Rot  Necr/Alch/Air  60%        N/A       1%          2
 Ensorcelled Hibernation  Hex/Ice        66%        N/A       1%          2
 Jinxbite                 Hex            86%        N/A       1%          2
 Lesser Beckoning         Tloc           66%        N/A       1%          2
 Mercury Vapours          Alch/Air       86%        N/A       1%          2
 Confusing Touch          Hex            43%        N/A       1%          3
 Gell's Gravitas          Tloc           33%        N/A       1%          3
 Mephitic Cloud           Conj/Alch/Air  30%        N/A       1%          3
 Sigil of Binding         Hex            43%        N/A       1%          3
 Teleport Other           Tloc           33%        N/A       1%          3
 Tukima's Dance           Hex            43%        N/A       1%          3
 Olgreb's Toxic Radiance  Alch           43%        N/A       1%          4
 Alistair's Intoxication  Alch           28%        N/A       3%          5
 Momentum Strike          Conj/Tloc      38%        3d9       4%          2
 Dazzling Flash           Conj/Hex       48%        N/A       4%          3
 Frozen Ramparts          Ice            48%        1d8       4%          3
 Manifold Assault         Tloc           33%        N/A       4%          4
 Volatile Blastmotes      Fire/Tloc      40%        2d13      7%          3
 Ignite Poison            Fire/Alch      25%        N/A       12%         4
 Sticky Flame             Fire/Alch      25%        2d6       12%         4
 Metabolic Englaciation   Hex/Ice        16%        N/A       12%         5
 Foxfire                  Conj/Fire      24%        2x1d5     14%         1
 Anguish                  Hex/Necr       12%        N/A       14%         4
 Fulminant Prism          Conj/Alch      12%        3d9       14%         4
 Leda's Liquefaction      Alch/Erth      12%        N/A       14%         4
 Petrify                  Alch/Erth      24%        N/A       14%         4
 Hailstorm                Conj/Ice       14%        3d6       16%         3
 Summon Ice Beast         Ice/Summ       14%        N/A       16%         3
 Necrotise                Necr           16%        1d4       17%         1
 Sandblast                Erth           8%         2d5       17%         1
 Summon Small Mammal      Summ           16%        N/A       17%         1
 Scorch                   Fire           16%        2d5       17%         2
 Call Imp                 Summ           8%         N/A       26%         2
 Searing Ray              Conj           8%         2d4       26%         2
 Sublimation of Blood     Necr           4%         N/A       26%         2
 Iskenderun's Mystic Bla  Conj/Tloc      19%        2d6       26%         4
 Freezing Cloud           Conj/Ice/Air   12%        6-21      38%         5
 Irradiate                Conj/Alch      12%        3d15      38%         5
 Summon Mana Viper        Hex/Summ       24%        N/A       38%         5
 Call Canine Familiar     Summ           4%         N/A       45%         3
 Fugue of the Fallen      Necr           4%         N/A       45%         3
 Passwall                 Erth           4%         N/A       45%         3
 Stone Arrow              Conj/Erth      8%         3d7       45%         3
 Vampiric Draining        Necr           4%         2d6       45%         3
 Summon Forest            Summ/Tloc      9%         N/A       58%         5
 Flame Wave               Conj/Fire      6%         2d5       80%         4
 Brom's Barrelling Bould  Conj/Erth      4%         2d3       86%         4
 Martyr's Knell           Necr/Summ      4%         N/A       86%         4
 Fireball                 Conj/Fire      3%         3d4       98%         5
 Borgnjor's Vile Clutch   Necr/Erth      2%         N/A       99%         5
 Curse of Agony           Necr           4%         N/A       99%         5
 Iskenderun's Battlesphe  Conj           4%         2d6       99%         5
 Eringya's Noxious Bog    Alch           21%        4d6       19%         6
 Sculpt Simulacrum        Ice/Alch       16%        N/A       54%         6
 Enfeeble                 Hex            21%        N/A       71%         7
 Plasma Beam              Fire/Air       12%        2x1d23    88%         6
 Conjure Ball Lightning   Conj/Air       12%        3x3d6     92%         6
 Bombard                  Conj/Erth      2%         9d1       100%        6
 Starburst                Conj/Fire      3%         6d3       100%        6
 Summon Cactus Giant      Summ           2%         N/A       100%        6
 Orb of Destruction       Conj           2%         9d5       100%        7
 Spellforged Servitor     Conj/Summ      2%         N/A       100%        7
 Summon Hydra             Summ           2%         N/A       100%        7
 Ignition                 Fire           4%         3d4       100%        8
 Lehudib's Crystal Spear  Conj/Erth      2%         10d2      100%        8
 Maxwell's Capacitive Co  Air            21%        ∞         100%        8
 Chain Lightning          Conj/Air       12%        3d16      100%        9
 Dragon's Call            Summ           2%         N/A       100%        9
 Fire Storm               Conj/Fire      3%         8d1       100%        9
 Shatter                  Erth           2%         3d6*      100%        9


Dungeon Overview and Level Annotations

Branches:
Dungeon (15/15)            Temple (1/1) D:6            Lair (5/5) D:10
 Shoals (4/4) Lair:2        Snake (4/4) Lair:2        Slime (0/5) Lair:4
    Orc (2/2) D:12            Elf (3/3) Orc:2        Vaults (5/5) D:14
  Crypt (0/3) Vaults:3     Depths (4/4) D:15            Zot (5/5) Depths:4
  IceCv (visited)         Volcano (visited)          WizLab (visited)
Gauntlet (visited)

Altars:
Ashenzari
Cheibriados
Dithmenos
Elyvilon
Fedhas
Gozag
Hepliaklqana
Kikubaaqudgha
Makhleb
Nemelex Xobeh
Okawaru
Qazlal
Ru
Sif Muna
Trog
Uskayaw
Vehumet
Wu Jian
Xom
Yredelemnul
Zin
The Shining One
Jiyva
Lugonu

Shops:
D:3 [!   D:10 [?(*   D:15 *   Orc:1 *   Orc:2 ??!*   Shoals:3 **   Shoals:4 (
Snake:1 :   Snake:2 [   Vaults:4 ((   Depths:3 ![*

Portals:
Hell: Depths:1 Depths:2 Depths:3 Depths:4
Abyss: Depths:1 Depths:3
Pandemonium: Depths:2 Depths:3
Ziggurat: Depths:1

Annotations:
D:4 exclusion: downstairs


Innate Abilities, Weirdness & Mutations

You are small and have problems with some larger weapons.
You are completely attuned to the shadows.
You have sharp toenails.
You are partially covered in iridescent scales. (AC +2)
You occasionally lose the ability to read scrolls when taking damage.


Message History

Casting: Ozocubu's Armour (mildly dangerous; 4% risk of failure)
Confirm with . or Enter, or press ? or * to list all spells.
You feel quick.
An ancient lich comes into view.
The ancient lich shouts!
Lihuh gestures at you. The bolt of fire hits you. You resist. Lihuh hits you!
An Ice Fiend comes into view.
Lihuh gestures at you. The bolt of fire misses you.
The ancient lich casts a spell at you. The bolt of acid misses you.
Unknown command.
You start to feel a little slower.
Aiming: Dig
Press: ? - help, Shift-Dir - straight line You can't see that place.
The rock shatters into small pieces.
You feel sluggish.
Your magical effects are unravelling.
You feel magically purged.
You no longer feel sluggish.
The Ice Fiend calls on the powers of darkness!
Your body is wracked with pain!
Press: ? - help, v - describe, . - travel
Here: an Ice Fiend The floor.
Casting: Swiftness (safe; 1% risk of failure)
Confirm with . or Enter, or press ? or * to list all spells.
You feel quick.
A blizzard demon comes into view.
The blizzard demon gestures at you. The freezing blast misses you.
You are engulfed in freezing vapours.
You resist. The blizzard demon gestures at you.
The bolt of lightning misses you.
There is a staircase leading out of the dungeon here.
There is a staircase leading out of the dungeon here.
You have escaped!

.......# #.# #....##...##.#
#.# .......# #.#
####'#'...##.## #.#
....##.# #.####
##>#...##..# #.# ...#...#
#....# ###...###.# #.#
..#....# ###### #...# #.#
#.# ###....# ####### #'###
#.# #.# .###...# #.....#
##>####.# #.. .#..#..#
#....># #.#....# ###
#○☼☼.#.######...@.#
##.#..###
.○°○.#.2..........###'##..#
○○○○...####.......#....#..#
....#### #.......#.>..#.##
##....## #.......######.#
##...2.## #.......##.# #.#
#.......###..#######.# #.#
#............# #.# #.#
#..)....###.## #.#
#.########


There were no monsters in sight!

Vanquished Creatures
  2 dread liches
  6 ancient liches
  4 orbs of fire (Zot:5)
  A juggernaut (Depths:2)
  Xtahua (Vaults:5)
  3 Killer Klowns (Zot:5)
  A shard shrike (Zot:1)
  6 curse toes
  A caustic shrike (Depths:2)
  Margery (Vaults:5)
  14 golden dragons
  Nikola (Vaults:1)
  A mutant beast (WizLab)
  Norris (Vaults:1)
  14 tentacled monstrosities
  2 electric golems (Zot:5)
  A hellephant (Vaults:5)
  Jorgrun (Orc:1)
  28 Orb Guardians
  A walking crystal tome (Depths:2)
  2 liches
  10 titans
  2 deep elf blademasters
  3 quicksilver dragons
  A deep elf master archer (Elf:3)
  7 sphinxes
  Polyphemus (Shoals:3)
  2 krakens (Shoals:3)
  An Executioner (D:10)
  6 tengu reavers
  19 death cobs
  11 storm dragons
  13 shadow dragons
  Aizul (Shoals:1)
  Ilsuiw (Shoals:4)
  8 protean progenitors
  12 draconian knights
  A nagaraja (Snake:4)
  4 draconian monks
  5 fire giants
  3 iron dragons
  A ghost moth (Zot:3)
  Louise (Elf:3)
  6 draconian shifters
  4 draconian scorchers
  20 vault wardens
  8 deep elf sorcerers
  2 curse skulls (Depths:2)
  7 deep elf elementalists
  3 orc warlords
  12 frost giants
  A cacodemon (D:7)
  22 ironbound preservers
  28 very ugly things
  20 stone giants
  A quicksilver ooze (Lair:4)
  5 draconian stormcallers
  7 formless jellyfish
  A juggernaut skeleton (Depths:2)
  A caustic shrike skeleton (Depths:2)
  The ghost of Thalamas the Severer, a journeyman MiBe of Trog (Lair:5)
  3 vampire knights
  6 draconian annihilators
  4 ironbound thunderhulks
  The ghost of Agrajag the Basher, a journeyman AtBe of Trog (Lair:3)
  11 yellow draconians
  Nessos (Lair:4)
  A deep elf death mage (Vaults:5)
  2 bunyips (Zot:3)
  6 deep elf demonologists (Elf:3)
  7 deep elf annihilators
  7 green draconians
  11 white draconians
  3 war gargoyles
  Azrael (D:14)
  17 red draconians
  2 spark wasps (Depths:1)
  7 black draconians
  14 purple draconians
  A minotaur (Gauntlet)
  10 dire elephants
  A crystal guardian (Vaults:2)
  A green death (Depths:3)
  6 merfolk impalers
  A blizzard demon (Depths:2)
  16 ettins
  Josephine (D:11)
  2 entropy weavers
  6 deep elf high priests
  9 fire dragons
  14 yaktaur captains
  4 merfolk javelineers
  A quicksilver dragon skeleton (Depths:2)
  5 rakshasas
  14 ice dragons
  7 great orbs of eyes
  38 vault guards
  Harold (D:12)
  A hell beast (Depths:3)
  8 hydras
  4 salamander tyrants
  2 merfolk aquamancers
  The ghost of mdmota the Fighter, a journeyman DjCK of Xom (D:9)
  2 peacekeepers
  11 anacondas
  12 centaur warriors
  Erica (Orc:1)
  2 catoblepae
  2 ogre magi
  3 anacondas (shapeshifter) (WizLab)
  6 satyrs
  16 ironbound frosthearts
  5 merfolk avatars (Shoals:3)
  2 death knights (Vaults:3)
  12 deep troll earth magi
  A spriggan air mage (Depths:4)
  2 spriggan skeletons (Depths:2)
  2 alligator snapping turtles
  6 boulder beetles
  3 radroaches (WizLab)
  11 two-headed ogres
  30 dancing weapons
  24 death yaks
  14 naga warriors
  6 deep troll shamans
  A two-headed ogre (shapeshifter) (WizLab)
  A shock serpent (shapeshifter) (D:13)
  4 orc high priests
  3 tengu warriors (Depths:4)
  A death scarab (Gauntlet)
  5 vampire magi
  23 naga sharpshooters
  6 soul eaters (Zot:2)
  3 hell knights (Vaults:5)
  3 titan skeletons (Depths:2)
  Nergalle (D:11)
  8 shock serpents
  15 deep elf knights
  4 occultists
  4 salamander mystics
  A spectral death yak (Lair:5)
  A skyshark (shapeshifter) (WizLab)
  A storm dragon skeleton (Zot:2)
  19 sea snakes
  11 iron trolls
  A sea snake (shapeshifter) (Depths:2)
  6 skysharks
  2 flayed ghosts
  2 glowing orange brains
  A mana viper (shapeshifter) (WizLab)
  15 skeletal warriors
  5 naga ritualists
  8 arcanists
  An obsidian statue (Lair:5)
  A shadow demon (Depths:2)
  2 deep trolls (shapeshifter) (WizLab)
  70 deep trolls
  A sun moth (shapeshifter) (WizLab)
  A swamp dragon (Zot:4)
  An orb spider (shapeshifter) (WizLab)
  A glowing orange brain (shapeshifter) (WizLab)
  A spectral anaconda (Lair:5)
  7 phantasmal warriors (Vaults:5)
  A kraken simulacrum (Shoals:4)
  An orange crystal statue (IceCv)
  5 mana vipers
  15 ironbound convokers
  Pikel (D:8)
  10 large abominations
  A death drake (shapeshifter) (WizLab)
  16 orc knights
  10 deep elf archers
  2 harpies (shapeshifter)
  13 lindwurms
  9 harpies
  17 deep elf zephyrmancers
  A golden dragon skeleton (Depths:2)
  27 deep elf pyromancers
  7 necromancers
  A manticore (shapeshifter) (WizLab)
  2 orc sorcerers
  A stone giant zombie (Vaults:1)
  3 wolf spiders
  34 ugly things
  21 manticores
  Maurice (Orc:2)
  2 fauns (shapeshifter)
  23 fauns
  An iron dragon skeleton (Depths:2)
  A shadow dragon skeleton (Depths:2)
  8 elephants
  13 cyclopes
  29 moths of wrath
  An oklob plant (Gauntlet)
  5 frost giant skeletons (Depths:2)
  2 human skeletons
  A tengu skeleton (Depths:2)
  36 salamanders
  A shining eye (shapeshifter) (WizLab)
  18 merfolk sirens
  13 naga magi
  A black mamba (shapeshifter) (D:13)
  6 water nymphs
  A smoke demon (D:1)
  3 kobold blastminers (Orc:2)
  2 dire elephant zombies (Lair:5)
  8 guardian serpents
  2 ice statues (Snake:2)
  13 cane toads
  16 vault sentinels
  A guardian serpent (shapeshifter) (WizLab)
  A fire giant skeleton (Depths:2)
  2 torpor snails (shapeshifter)
  3 orange demons
  An eye of devastation (shapeshifter) (WizLab)
  35 black mambas
  2 gargoyles (Depths:3)
  A torpor snail (Lair:5)
  An unseen horror (D:13)
  10 rime drakes
  A kobold demonologist (D:9)
  An efreet (D:13)
  5 freezing wraiths
  A yaktaur (shapeshifter) (WizLab)
  18 komodo dragons
  24 yaktaurs
  A tormentor (Zot:5)
  A guardian mummy (Zot:2)
  A merfolk (shapeshifter) (D:15)
  A queen bee (Lair:3)
  8 tengu conjurers
  2 wind drakes (shapeshifter)
  4 wind drakes
  2 hornets
  3 trolls
  14 polar bears
  24 merfolk
  18 dream sheep
  2 snapping turtles (shapeshifter)
  A glass eye (shapeshifter) (WizLab)
  5 glass eyes
  15 blink frogs
  10 snapping turtles
  70 slime creatures
  A slime creature (shapeshifter) (WizLab)
  4 jumping spiders (shapeshifter)
  2 ynoxinuls (Depths:3)
  An air elemental (Elf:1)
  2 centaur simulacra
  A shadow (D:9)
  A spriggan (shapeshifter) (D:13)
  7 wraiths
  A culicivora (Vaults:4)
  A culicivora (shapeshifter) (Elf:3)
  An ettin skeleton (Depths:2)
  5 wyverns
  3 vampires (Depths:3)
  3 humans
  55 yaks
  13 water elementals
  5 steam dragons
  2 elves (Depths:3)
  6 fire bats (Volcano)
  4 fire elementals
  An iron golem (WizLab)
  4 wargs
  A spectral komodo dragon (Gauntlet)
  A warg (shapeshifter) (D:13)
  2 redbacks (Vaults:4)
  9 vampire mosquitoes
  5 basilisks
  2 redbacks (shapeshifter)
  A chaos spawn (D:7)
  2 neqoxecs (D:9)
  28 nagas
  A spectral cane toad (Lair:5)
  2 human zombies (Vaults:1)
  2 acid dragons
  3 hell hounds (D:14)
  11 water moccasins
  34 orc warriors
  A sky beast (D:7)
  2 black bears (D:7)
  A black bear (shapeshifter) (D:14)
  8 laughing skulls
  6 ogres
  19 wolves
  2 elephant zombies (Lair:4)
  9 small abominations
  3 boggarts
  11 centaurs
  A centaur (shapeshifter) (D:14)
  2 elephant skeletons (Lair:5)
  8 phantoms (D:7)
  2 kobold brigands
  A komodo dragon zombie (Lair:4)
  Blork the orc (D:6)
  2 spectral wargs (Depths:3)
  12 bullfrogs
  4 earth elementals
  10 scorpions
  6 wights
  38 killer bees
  4 electric eels
  A howler monkey (D:8)
  A bombardier beetle (D:5)
  4 centaur zombies (D:7)
  3 quasits (D:9)
  3 iron imps (D:3)
  7 hounds
  A gnoll bouda (D:5)
  16 orc priests
  9 sleepcaps
  A basilisk zombie (Lair:4)
  22 jellies
  6 iguanas
  3 hell rats (D:10)
  12 orc wizards
  6 scorpion zombies (D:7)
  2 killer bee zombies (D:7)
  3 gnolls (D:5)
  8 adders
  2 river rats (D:10)
  7 shadow imps
  2 dart slugs
  3 ribbon worms
  66 orcs
  6 ball pythons
  6 endoplasms
  3 giant cockroaches (D:2)
  5 goblins
  10 hobgoblins
  9 jackals
  6 quokkas
  7 bats
  3 frilled lizards
  16 kobolds
  4 rats
  3 aspiring fleshes
  3 tentacles (Shoals:3)
2369 creatures vanquished.

Vanquished Creatures (collateral kills)
  An orb of fire (Zot:5)
  A merfolk javelineer (Shoals:4)
  Snorg (Lair:3)
  A tengu warrior (Shoals:4)
  Sonja (Lair:3)
  2 skysharks (Vaults:1)
  A manticore (Shoals:4)
  A yaktaur (Vaults:1)
  A centaur (D:5)
10 creatures vanquished.

Vanquished Creatures (others)
  A fire giant (Vaults:3)
  A draconian knight (Zot:4)
  A two-headed ogre (Volcano)
  A vampire mage (Depths:1)
  A centaur simulacrum (D:13)
  A dancing weapon (D:7)
  A naga (Snake:4)
  17 tentacles (Shoals:3)
24 creatures vanquished.

Grand Total: 2403 creatures vanquished

Notes
Turn   | Place    | Note
-------+----------+-------------------------------------------
     0 | D:1      | Dhd the Kobold Hexslinger began the quest for the Orb.
     0 | D:1      | Reached XP level 1. HP: 12/12 MP: 2/2
    74 | D:1      | Reached skill level 1 in Stealth
   255 | D:1      | Found a faded altar of an unknown god.
   365 | D:1      | Reached XP level 2. HP: 16/16 MP: 3/3
   368 | D:1      | Learned a level 2 spell: Jinxbite
  1022 | D:2      | Reached XP level 3. HP: 20/20 MP: 1/4
  1429 | D:2      | Reached XP level 4. HP: 25/26 MP: 2/5
  2462 | D:3      | Found Edoh's Armour Boutique.
  2501 | D:3      | Reached skill level 5 in Ranged Weapons
  2501 | D:3      | Reached XP level 5. HP: 20/31 MP: 4/6
  2610 | D:3      | Found a burning altar of Makhleb.
  2712 | D:3      | Found Feuxt's Distillery.
  2719 | D:3      | Bought a potion of heal wounds for 70 gold pieces
  2935 | D:3      | Reached XP level 6. HP: 34/37 MP: 4/7
  2981 | D:3      | Identified the +3 short sword of Rubrom {elec, rElec}
  4473 | D:4      | Reached skill level 1 in Short Blades
  4473 | D:4      | Reached XP level 7. HP: 42/42 MP: 6/8
  5242 | D:5      | Entered Level 5 of the Dungeon
  5914 | D:5      | Reached skill level 5 in Fighting
  5919 | D:5      | Reached XP level 8. HP: 49/49 MP: 5/9
  6482 | D:5      | Found an iron altar of Okawaru.
  6482 | D:5      | Found a runed translucent door.
  6507 | D:5      | Found the +0 toga "Victory" {*Victory Clar}
  6559 | D:5      | Reached skill level 5 in Dodging
  7176 | D:6      | Noticed Blork the orc
  7276 | D:6      | Killed Blork the orc
  7628 | D:6      | Found a staircase to the Ecumenical Temple.
  7634 | Temple   | Entered the Ecumenical Temple
  7644 | Temple   | Became a worshipper of Elyvilon the Healer
  7898 | D:7      | Learned a level 3 spell: Tukima's Dance
  8019 | D:7      | Reached XP level 9. HP: 55/55 MP: 9/12
  8197 | D:7      | Found a blossoming altar of Fedhas.
  8381 | D:7      | Reached skill level 10 in Ranged Weapons
  8381 | D:7      | Reached skill level 5 in Hexes
  8558 | D:7      | Reached * piety under Elyvilon
  8723 | D:7      | Found the -2 hat of the Alchemist {rElec rPois rF+ rC+ rN+
                  | Will+ rMut rCorr}
  8841 | D:7      | Noticed a komodo dragon
  9138 | D:7      | Elyvilon protects you from harm!
  9139 | D:7      | Killed a komodo dragon
  9344 | D:7      | Reached XP level 10. HP: 63/63 MP: 10/13
 10035 | D:7      | Reached ** piety under Elyvilon
 10527 | D:8      | Learned a level 3 spell: Ozocubu's Armour
 10552 | D:8      | Found a radiant altar of Vehumet.
 10580 | D:8      | Found a glowing silver altar of Zin.
 10741 | D:8      | Noticed Pikel
 10752 | D:8      | Killed Pikel
 10753 | D:8      | Reached skill level 1 in Ice Magic
 11199 | D:8      | Reached *** piety under Elyvilon
 11487 | D:9      | Noticed a kobold demonologist
 11498 | D:9      | Killed a kobold demonologist
 11674 | D:9      | Identified the +0 ring mail of Wustam {rElec rCorr Str+2
                  | Dex-5}
 11731 | D:9      | Reached XP level 11. HP: 68/68 MP: 15/15
 11842 | D:9      | Found a sacrificial altar of Ru.
 11842 | D:9      | Found a shadowy altar of Dithmenos.
 11932 | D:9      | Learned a level 3 spell: Inner Flame
 11943 | D:9      | Found a bloodstained altar of Trog.
 12027 | D:9      | Noticed a two-headed ogre
 12034 | D:9      | Killed a two-headed ogre
 12114 | D:9      | Learned a level 4 spell: Cause Fear
 12238 | D:9      | Noticed a two-headed ogre
 12249 | D:9      | Killed a two-headed ogre
 12343 | D:9      | Identified the +2 ring mail of Qiun {rN+ Str+7 Int+4}
 12353 | D:9      | Found a transporter.
 12395 | D:9      | Found a transporter.
 12397 | D:9      | Noticed mdmota's ghost (journeyman DjCK)
 12849 | D:10     | Entered Level 10 of the Dungeon
 13289 | D:10     | Found Uracvu's Assorted Antiques.
 13293 | D:10     | Bought a scroll of fear for 96 gold pieces
 13293 | D:10     | Bought a scroll of teleportation for 72 gold pieces
 13293 | D:10     | Bought a pair of boots for 108 gold pieces
 13317 | D:10     | Found Edwuhe's Armour Shoppe.
 13324 | D:10     | Reached **** piety under Elyvilon
 13326 | D:10     | Bought a +0 pair of boots of flying for 126 gold pieces
 13478 | D:10     | Noticed a death yak
 13504 | D:10     | Noticed a death yak
 13513 | D:10     | Noticed a death yak
 13547 | D:9      | Killed a death yak
 13815 | D:10     | Found a stormy altar of Qazlal.
 13925 | D:10     | Found Licemiuwk's Weapon Shop.
 13965 | D:10     | Found a sparkling altar of Nemelex Xobeh.
 14098 | D:10     | Found a staircase to the Lair.
 14216 | D:9      | Killed a death yak
 14291 | D:10     | Killed a death yak
 14292 | D:10     | Reached XP level 12. HP: 54/77 MP: 18/18
 14487 | D:10     | Found Gish's Magic Scroll Shop.
 14492 | D:10     | Bought a scroll of teleportation for 39 gold pieces
 14542 | Lair:1   | Entered Level 1 of the Lair of Beasts
 14546 | Lair:1   | Reached skill level 10 in Dodging
 14625 | Lair:1   | Reached skill level 10 in Fighting
 15153 | Lair:1   | Reached ***** piety under Elyvilon
 15489 | Lair:1   | Reached skill level 15 in Ranged Weapons
 15499 | Lair:1   | Reached skill level 1 in Evocations
 15860 | Lair:2   | Identified 2 scrolls of acquirement
 15860 | Lair:2   | Acquired 824 gold pieces
 15864 | Lair:2   | Acquired a +3 triple crossbow of flaming
 15946 | Lair:2   | Reached skill level 5 in Invocations
 15947 | Lair:2   | Noticed a catoblepas
 15955 | Lair:2   | Killed a catoblepas
 16230 | Lair:2   | Reached XP level 13. HP: 82/82 MP: 19/19
 16297 | Lair:2   | Found a staircase to the Snake Pit.
 16404 | Lair:2   | Reached skill level 5 in Evocations
 16896 | Lair:2   | Found a staircase to the Shoals.
 17082 | Lair:3   | Reached skill level 5 in Stealth
 17648 | Lair:3   | Noticed Snorg
 17649 | Lair:3   | Noticed Sonja
 17662 | Lair:3   | Killed Snorg
 17663 | Lair:3   | Reached skill level 1 in Armour
 17672 | Lair:3   | Killed Sonja
 17870 | Lair:3   | Noticed a four-headed hydra
 17874 | Lair:3   | Killed a four-headed hydra
 17960 | Lair:3   | Found a runed translucent door.
 17960 | Lair:3   | Noticed Agrajag's ghost (journeyman AtBe)
 18434 | Lair:4   | Noticed Nessos
 18440 | Lair:4   | Killed Nessos
 18645 | Lair:4   | Found a dark tunnel.
 18650 | Volcano  | Entered a volcano
 18767 | Volcano  | Reached XP level 14. HP: 66/90 MP: 17/20
 19159 | Lair:4   | Found a viscous altar of Jiyva.
 19186 | Lair:4   | Found a staircase to the Slime Pits.
 19870 | Lair:4   | Noticed a quicksilver ooze
 19877 | Lair:4   | Killed a quicksilver ooze
 20370 | Lair:5   | Entered Level 5 of the Lair of Beasts
 20822 | Lair:5   | Reached XP level 15. HP: 85/98 MP: 21/21
 20952 | Lair:5   | Found a runed translucent door.
 20954 | Lair:5   | Noticed Thalamas's ghost (journeyman MiBe)
 21003 | Lair:5   | Learned a level 4 spell: Dimensional Bullseye
 21071 | Lair:5   | Reached skill level 1 in Translocations
 21275 | Lair:5   | Got the Secrets of the Forceful Coals
 21757 | Lair:5   | Identified the +6 sling "Ykhlu Dye" {freeze, rF- Str+8}
 22199 | Lair:5   | Elyvilon protects you from harm!
 22392 | Lair:5   | Killed Thalamas's ghost
 23325 | D:11     | Noticed Josephine
 23328 | D:11     | Killed Josephine
 23356 | D:11     | Identified the +11 flail of Disaster {flame, Stlth+}
 23396 | D:11     | Noticed Nergalle
 23406 | D:11     | Killed Nergalle
 23586 | D:11     | Reached XP level 16. HP: 94/106 MP: 20/22
 23905 | D:9      | Gained mutation: Your health recovers twice as slowly from
                  | being drained. [a neqoxec]
 23918 | D:9      | Killed mdmota's ghost
 24430 | D:12     | Reached skill level 5 in Translocations
 24707 | D:12     | Reached skill level 5 in Armour
 24855 | D:12     | Found a staircase to the Orcish Mines.
 25070 | Orc:1    | Entered Level 1 of the Orcish Mines
 25077 | Orc:1    | Noticed Erica
 25079 | Orc:1    | Noticed Jorgrun
 25081 | Orc:1    | Noticed Harold
 25083 | Orc:1    | Killed Erica
 25090 | Orc:1    | Killed Jorgrun
 25329 | D:12     | Killed Harold
 25560 | Orc:2    | Entered Level 2 of the Orcish Mines
 25768 | Orc:2    | Found a staircase to the Elven Halls.
 25846 | Orc:2    | Noticed Maurice
 25890 | Orc:1    | Found Kobes's Assorted Antiques.
 26097 | Orc:1    | Bought a scroll of identify for 60 gold pieces
 26707 | Orc:2    | Found Osusud's Distillery.
 26707 | Orc:2    | Found Kafeseq's Magic Scroll Emporium.
 26707 | Orc:2    | Found Emmal's Magic Scroll Shoppe.
 26708 | Orc:2    | Found Ariosk's General Store.
 26712 | Orc:2    | Bought a potion of mutation for 112 gold pieces
 26712 | Orc:2    | Bought a potion of cancellation for 112 gold pieces
 26712 | Orc:2    | Bought a potion of magic for 112 gold pieces
 26712 | Orc:2    | Bought a potion of enlightenment for 70 gold pieces
 26716 | Orc:2    | Bought a scroll of fog for 44 gold pieces
 26716 | Orc:2    | Bought a scroll of revelation for 82 gold pieces
 26719 | Orc:2    | Bought a scroll of teleportation for 36 gold pieces
 26719 | Orc:2    | Bought a scroll of revelation for 90 gold pieces
 26719 | Orc:2    | Bought a scroll of teleportation for 36 gold pieces
 26719 | Orc:2    | Bought a scroll of enchant weapon for 90 gold pieces
 26719 | Orc:2    | Bought a scroll of enchant weapon for 90 gold pieces
 26723 | Orc:2    | Bought a scroll of teleportation for 42 gold pieces
 26723 | Orc:2    | Bought a scroll of teleportation for 42 gold pieces
 26723 | Orc:2    | Bought a scroll of enchant weapon for 105 gold pieces
 26732 | Orc:2    | Bought a scroll of acquirement for 624 gold pieces
 26732 | Orc:2    | Acquired 561 gold pieces
 26885 | Orc:2    | Killed Maurice
 27325 | D:10     | Bought a scroll of acquirement for 676 gold pieces
 27325 | D:10     | Bought a scroll of revelation for 97 gold pieces
 27325 | D:10     | Bought a scroll of enchant armour for 97 gold pieces
 27325 | D:10     | Bought a scroll of fear for 52 gold pieces
 27325 | D:10     | Acquired the amulet "Lecaneipn" {Reflect rF+ SH+5}
 27905 | D:13     | Identified the +5 dagger of Terra Cotta {elec, Str+5}
 28598 | D:13     | Reached skill level 15 in Dodging
 28822 | D:14     | Found a gate leading to a gauntlet.
 29080 | Gauntlet | Entered a Gauntlet
 29087 | Gauntlet | Found a transporter.
 29139 | Gauntlet | Found a transporter.
 29173 | Gauntlet | Found a transporter.
 29173 | Gauntlet | Found a transporter.
 29183 | Gauntlet | Found a transporter.
 29228 | Gauntlet | Found a transporter.
 29246 | Gauntlet | Found a transporter.
 29246 | Gauntlet | Found a transporter.
 29247 | Gauntlet | Found a runed translucent gate.
 29298 | Gauntlet | Found a runed translucent gate.
 29345 | Gauntlet | Found a transporter.
 29345 | Gauntlet | Found a transporter.
 29380 | Gauntlet | Found a transporter.
 29448 | Gauntlet | Found a transporter.
 29472 | Gauntlet | Reached skill level 15 in Fighting
 29665 | Gauntlet | Found the +3 pair of gauntlets of War {Slay+5}
 29860 | D:14     | Reached XP level 17. HP: 113/113 MP: 23/23
 29895 | D:14     | Noticed Azrael
 29912 | D:14     | Killed Azrael
 30625 | D:14     | Found a gate to the Vaults.
 30670 | D:15     | Entered Level 15 of the Dungeon
 30932 | D:15     | Reached ****** piety under Elyvilon
 31231 | D:15     | Found Omeymuq's General Store.
 31235 | D:15     | Bought a potion of resistance for 130 gold pieces
 31755 | D:15     | Found a staircase to the Depths.
 32239 | Snake:1  | Entered Level 1 of the Snake Pit
 32812 | Snake:1  | You are sucked into a shaft and drop 1 floor!
 32844 | Snake:2  | Reached skill level 10 in Invocations
 32873 | Snake:2  | Found a glacial archway.
 32882 | IceCv    | Entered an ice cave
 33317 | IceCv    | Reached XP level 18. HP: 72/120 MP: 22/25
 33663 | IceCv    | Reached skill level 5 in Ice Magic
 34014 | Snake:2  | Learned a level 2 spell: Blink
 34018 | Snake:2  | Learned a level 3 spell: Teleport Other
 34497 | Snake:2  | Found a bloodstained altar of Trog.
 34983 | Snake:2  | Found Zoaphoim's Antique Armour Shop.
 36622 | Snake:4  | Entered Level 4 of the Snake Pit
 38075 | Snake:4  | Reached XP level 19. HP: 127/127 MP: 26/26
 39104 | Snake:4  | Got a serpentine rune of Zot
 39425 | Snake:1  | Reached skill level 10 in Evocations
 39500 | Snake:1  | Found Voump's Self-Published Books.
 39552 | Snake:1  | Learned a level 3 spell: Swiftness
 40115 | Lair:3   | Killed Agrajag's ghost
 40195 | Shoals:1 | Entered Level 1 of the Shoals
 40598 | Shoals:1 | Identified the staff of the Wizarding Gods {+Blink rElec
                  | rC- Str-2 Stlth+ Air}
 40681 | Shoals:1 | Identified the serpent talisman of the Orb Guardian {Int+2
                  | SInv}
 40681 | Shoals:1 | Noticed Aizul
 40688 | Shoals:1 | Killed Aizul
 42531 | Shoals:2 | Reached skill level 1 in Air Magic
 44927 | Shoals:3 | Found Curar's Specific Store.
 44928 | Shoals:3 | Found Kuzxu's General Store.
 44932 | Shoals:3 | Bought a scroll of teleportation for 42 gold pieces
 45069 | Shoals:3 | Reached XP level 20. HP: 90/134 MP: 19/27
 45197 | Shoals:3 | Noticed Polyphemus
 45215 | Shoals:3 | Killed Polyphemus
 46769 | Shoals:4 | Entered Level 4 of the Shoals
 46801 | Shoals:4 | Reached skill level 5 in Spellcasting
 46892 | Shoals:4 | Identified the amulet of Zefoog Hao {Reflect Will+ SH+5}
 46913 | Shoals:4 | Identified the +3 leather armour of Woehieh {+Blink rF+
                  | Regen+}
 47226 | Shoals:4 | Reached skill level 5 in Air Magic
 47465 | Shoals:4 | Got a barnacled rune of Zot
 47716 | Shoals:4 | Identified the ring of Discretion {Ice Fly rElec Will-}
 47925 | Shoals:4 | Found Caimasko's Antique Weapon Shop.
 47944 | Shoals:4 | Noticed Ilsuiw
 47963 | Shoals:4 | Killed Ilsuiw
 48461 | Shoals:4 | Identified the +7 hand axe "Kaebb" {holy, Int+3}
 48724 | Elf:1    | Entered Level 1 of the Elven Halls
 48810 | Elf:1    | Found a radiant altar of Vehumet.
 48842 | Elf:1    | Reached XP level 21. HP: 141/141 MP: 26/28
 49814 | Elf:1    | Reached XP level 22. HP: 147/147 MP: 29/29
 50239 | Elf:2    | Found a runed translucent gate.
 50239 | Elf:2    | Found a runed translucent gate.
 50239 | Elf:2    | Found a runed translucent gate.
 51400 | Elf:3    | Entered Level 3 of the Elven Halls
 51906 | Elf:3    | Noticed Louise
 51913 | Elf:3    | Killed Louise
 52464 | Elf:3    | Identified the +12 rapier "Ijusin" {venom, Fly rElec}
 53056 | Elf:3    | Identified the +7 great sword of the Beginning {holy, rC+
                  | rN+}
 53364 | Elf:3    | Reached XP level 23. HP: 152/152 MP: 30/30
 53376 | Elf:3    | Identified the +7 demon trident "Utuf" {drain, rC+++ Will+
                  | Stlth-}
 53442 | Elf:3    | Identified the +8 short sword of Blood {distort, Will+}
 53496 | Elf:3    | Identified the staff of Dotzy {rN++ Earth}
 53501 | Elf:3    | Got the Parchment of Radiant Jinxing
 53504 | Elf:3    | Identified the +1 dagger of the Onslaught {flame, rElec rF+
                  | Int+3}
 53507 | Elf:3    | Identified the staff of Oozing Pus {rElec rPois Alchemy}
 53508 | Elf:3    | Identified the ring of the Shining Light {rCorr Str+2}
 54837 | D:14     | Learned a level 4 spell: Passage of Golubria
 54985 | Vaults:1 | Entered Level 1 of the Vaults
 55004 | Vaults:1 | Acquired 703 gold pieces
 55349 | Vaults:1 | Identified the +3 ring mail of Qazlal's Benevolence {+Inv
                  | MP+9}
 55518 | Vaults:1 | Noticed Nikola
 55522 | Vaults:1 | Killed Nikola
 55605 | Vaults:1 | Noticed Norris
 55610 | Vaults:1 | Reached skill level 27 in Ranged Weapons
 55616 | Vaults:1 | Killed Norris
 57352 | Vaults:2 | Identified the +5 arbalest "Saiwkieh" {penet, +Blink rElec
                  | MP+9 Dex-4}
 57453 | Vaults:2 | Got Lebav's Lessons on the Burnt Valley
 58027 | Vaults:2 | Found Ozyplixt's Jewellery Shop.
 58047 | Vaults:2 | Reached XP level 24. HP: 160/160 MP: 28/32
 59386 | Vaults:3 | Found a staircase to the Crypt.
 59458 | Vaults:3 | Reached XP level 25. HP: 168/168 MP: 32/32
 59752 | Vaults:3 | Reached skill level 10 in Armour
 61478 | Vaults:4 | Identified the +2 robe of Time Monsters {Int+3}
 61599 | Vaults:4 | Found Goppecec's Weapon Shop.
 61627 | Vaults:4 | Reached skill level 10 in Stealth
 61709 | Vaults:4 | Found Riuquuc's Weapon Shop.
 62101 | Vaults:4 | Reached XP level 26. HP: 167/174 MP: 30/33
 62848 | Vaults:4 | Found Goppecec's Weapon Shop.
 63109 | Vaults:4 | Found Riuquuc's Weapon Shop.
 63596 | Depths:1 | Entered Level 1 of the Depths
 63849 | Depths:1 | Found a gateway to Hell.
 64458 | Depths:1 | Found a one-way gateway to a ziggurat.
 64695 | Depths:1 | Found a corrupted altar of Lugonu.
 64695 | Depths:1 | Found a one-way gate to the infinite horrors of the Abyss.
 65113 | Depths:1 | Acquired 886 gold pieces
 65242 | Depths:2 | Found a one-way gate leading to the halls of Pandemonium.
 66026 | Depths:2 | Noticed a juggernaut
 66036 | Depths:2 | Killed a juggernaut
 66726 | Depths:2 | Got Yplacw's Anthology of the Torch
 66727 | Depths:2 | Identified the +7 mace of In Flagrante Delicto {freeze,
                  | Str+3}
 67216 | Depths:3 | Found a magical portal.
 67221 | WizLab   | Entered Cigotuvi's Fleshworks
 67434 | WizLab   | Reached XP level 27. HP: 181/181 MP: 33/33
 67658 | WizLab   | Found the +4 Cigotuvi's embrace {Corpsefed rMiasma ^Drain
                  | rN+}
 67942 | WizLab   | Got Cigotuvi's Lectures on the Queen Bee and Skeletons
 68084 | WizLab   | Identified the maw talisman "Betzes" {rC- Int+3 Dex+6}
 68086 | WizLab   | Identified the serpent talisman of Zapul {rF+ Will- Str+2
                  | Dex+4}
 68350 | Depths:3 | Learned a level 5 spell: Silence
 68351 | Depths:3 | Reached skill level 15 in Invocations
 68523 | Depths:3 | Identified the +0 plate armour of Trumpets {rF+}
 69366 | Depths:3 | Found The Legendary Gyarch's Legendary Smithy.
 69380 | Depths:3 | Found Wierghueps's General Store.
 69393 | Depths:3 | Bought a scroll of teleportation for 72 gold pieces
 69420 | Depths:3 | Found a snail-covered altar of Cheibriados.
 69456 | Depths:3 | Found Koexevor's Miraculous Elixirs.
 70107 | Depths:4 | Entered Level 4 of the Depths
 70117 | Depths:4 | Reached skill level 10 in Hexes
 70793 | Depths:4 | Found a gate to the Realm of Zot.
 72007 | Vaults:5 | Entered Level 5 of the Vaults
 72038 | Vaults:5 | Identified the staff of Neciar {rPois rF+ Alchemy}
 72478 | Vaults:5 | Identified the +9 mace of Imocudoun {spect, Dex+4 Stlth+}
 72514 | Vaults:5 | Noticed Xtahua
 72687 | Vaults:5 | Killed Xtahua
 72748 | Vaults:5 | Identified the +5 sling of Esham {freeze, Fly rC+ Int+3}
 72760 | Vaults:5 | Learned a level 5 spell: Yara's Violent Unravelling
 72783 | Vaults:5 | Reached skill level 1 in Alchemy
 72959 | Vaults:5 | Identified the ring "Doynnekk" {rPois Int+6 Stlth+}
 72967 | Vaults:5 | Noticed an ancient lich
 73029 | Vaults:5 | Reached skill level 5 in Alchemy
 73064 | Vaults:5 | Identified the +10 glaive of Kelounar {flame, rF+ Dex+4}
 73064 | Vaults:5 | Identified the ring of Doost {MP+9 Slay+5 Stlth+}
 73076 | Vaults:5 | Noticed Margery
 73132 | Vaults:5 | Identified the +0 short sword "Zuqoeg" {freeze, rCorr Str-4
                  | Stlth+}
 73164 | Vaults:5 | Killed Margery
 73302 | Vaults:5 | Killed an ancient lich
 73372 | Vaults:5 | Got a silver rune of Zot
 73475 | Vaults:5 | Paralysed by a formless jellyfish for 1 turns
 73533 | Vaults:5 | Identified the +0 trident of Wealth {venom, rN++ Int+3
                  | Stlth-}
 73536 | Vaults:5 | Identified the +3 quarterstaff "Ycunkoo" {drain, ^Fragile
                  | rF+ rC+}
 73630 | Vaults:5 | Noticed an ancient lich
 73637 | Vaults:5 | Killed an ancient lich
 74103 | Vaults:5 | Reached skill level 10 in Air Magic
 74536 | Zot:1    | Entered Level 1 of the Realm of Zot
 75929 | Zot:1    | Reached skill level 10 in Alchemy
 76316 | Zot:1    | Noticed Parghit
 76327 | Zot:1    | Parghit changed into Parghit the shard shrike
 76327 | Zot:1    | Noticed Parghit
 76560 | Zot:1    | Killed Parghit the shard shrike
 77182 | Zot:2    | Noticed a dread lich
 77386 | Zot:2    | Killed a dread lich
 77507 | Zot:2    | Noticed an ancient lich
 77515 | Zot:2    | Killed an ancient lich
 80999 | Zot:4    | Found a broken altar of Ashenzari.
 81112 | Zot:5    | Entered Level 5 of the Realm of Zot
 82113 | Zot:5    | Noticed an ancient lich
 82128 | Zot:5    | Killed an ancient lich
 82140 | Zot:5    | Noticed a Killer Klown
 82145 | Zot:5    | Killed a Killer Klown
 82191 | Zot:5    | Noticed an orb of fire
 82289 | Zot:5    | Killed an orb of fire
 82469 | Zot:5    | Noticed an orb of fire
 82474 | Zot:5    | Gained mutation: You are frail. (-10% HP) [an orb of fire]
 82479 | Zot:5    | Gained mutation: You are weak. (Str -2) [an orb of fire]
 82484 | Zot:5    | Killed an orb of fire
 82533 | Zot:5    | Lost mutation: You are frail. (-10% HP) [potion of
                  | mutation]
 82533 | Zot:5    | Lost mutation: You are weak. (Str -2) [potion of mutation]
 82533 | Zot:5    | Gained mutation: Your mind is acute. (Int +4, Str/Dex -1)
                  | [potion of mutation]
 83330 | Zot:5    | Noticed a dread lich
 83339 | Zot:5    | Killed a dread lich
 83388 | Zot:5    | Noticed a Killer Klown
 83393 | Zot:5    | Killed a Killer Klown
 83459 | Zot:5    | Reached skill level 27 in Dodging
 83700 | Zot:5    | Noticed an orb of fire
 83703 | Zot:5    | Noticed a Killer Klown
 83705 | Zot:5    | Noticed an orb of fire
 83729 | Zot:5    | Gained mutation: You occasionally shout uncontrollably at
                  | your foes. [mutagenic glow]
 83737 | Zot:5    | Gained mutation: You are weak. (Str -2) [mutagenic glow]
 83750 | Zot:5    | Gained mutation: You occasionally lose the ability to drink
                  | potions when taking damage. [mutagenic glow]
 83981 | Zot:5    | Killed a Killer Klown
 83991 | Zot:5    | Gained mutation: You are vulnerable to cold. (rC-) [an orb
                  | of fire]
 83993 | Zot:5    | Killed an orb of fire
 84074 | Zot:5    | Lost mutation: Your health recovers twice as slowly from
                  | being drained. [potion of mutation]
 84074 | Zot:5    | Lost mutation: Your mind is acute. (Int +4, Str/Dex -1)
                  | [potion of mutation]
 84074 | Zot:5    | Lost mutation: You occasionally lose the ability to drink
                  | potions when taking damage. [potion of mutation]
 84075 | Zot:5    | Lost mutation: You are weak. (Str -2) [potion of mutation]
 84075 | Zot:5    | Lost mutation: You occasionally shout uncontrollably at
                  | your foes. [potion of mutation]
 84075 | Zot:5    | Lost mutation: You are vulnerable to cold. (rC-) [potion of
                  | mutation]
 84075 | Zot:5    | Gained mutation: You have sharp toenails. [potion of
                  | mutation]
 84143 | Zot:5    | Killed an orb of fire
 84202 | Zot:5    | Noticed an ancient lich
 84207 | Zot:5    | Noticed an ancient lich
 84208 | Zot:5    | Killed an ancient lich
 84209 | Zot:5    | Killed an ancient lich
 84228 | Zot:5    | Noticed an orb of fire
 84231 | Zot:5    | Gained mutation: You occasionally lose the ability to read
                  | scrolls when taking damage. [an orb of fire]
 84233 | Zot:5    | Killed an orb of fire
 84631 | Zot:5    | Got the Orb of Zot
 84882 | D:15     | Noticed an ancient lich
 84882 | D:15     | Noticed Cojiej the pandemonium lord
 85013 | D:10     | Bought a potion of heal wounds for 120 gold pieces
 85075 | D:7      | Gained mutation: You are partially covered in iridescent
                  | scales. (AC +2) [a cacodemon]
 85199 | D:1      | Noticed Lihuh the pandemonium lord
 85202 | D:1      | Noticed an ancient lich
 85247 | D:$      | Escaped with the Orb!

Illustrated notes

Levels and vault maps discovered:
D:1:      dpeg_arrival_connections, layout_loops_ring,
          shapermc_ecumenical_altar_hornbeckon, minmay_misc_feat_chi,
          nicolae_twisty_statue_hallways
D:2:      layout_rooms, serial_bayou_lagoon_a, minmay_puff
D:3:      layout_basic, demons_altar, serial_shops, shop, shop
D:4:      layout_gridville, kennysheep_cross_room,
          chequers_serial_rivers_room_a, nicolae_concentric_dashed_squares_mild
D:5:      layout_layer_cave, nicolae_overflow_guarded_unrand_okawaru_victory,
          roderic_nine_men_s_morris, minmay_tree_intersection,
          minmay_manual_mares
D:6:      layout_rooms, minmay_temple_entry_offerings, uniq_blork_the_orc
D:7:      bobbens_index_wilting_gardens, layout_basic, fedhas_altar_4,
          serial_library_regret_index_split_case, hex_medium
D:8:      layout_layer_cave, mainiacjoe_overflow_large_starburst, uniq_pikel
D:9:      layout_rooms, trog_butcher_becter, gammafunk_temple_overflow_pools,
          gammafunk_ghost_stat_death, serial_library_hellmonk_semicircle,
          minivault_23
D:10:     layout_roguey, nemelex_spade_bored_becter,
          nicolae_qazlal_general_emergency, dpeg_lair_monsters, serial_shops,
          shop, nicolae_shop_crystal, shop, shop, dk_noncrumbling_4,
          minmay_misc_feat_columns
D:11:     layout_small_grid, uniq_josephine, uniq_nergalle
D:12:     nicolae_moon_pools, layout_basic
D:13:     minmay_the_grid_octo_2x2 [minmay_the_grid_octo_77,
          minmay_the_grid_octo_chip, minmay_the_grid_octo_odd_swirl,
          minmay_the_grid_octo_prize_square_snowflake], layout_stronghold
D:14:     layout_roguey, david_vaults_4, serial_bayou, serial_bayou_pond_d,
          serial_bayou_pond_a, serial_bayou_pond_b, serial_bayou_pond_b,
          gauntlet_entry_generic, uniq_azrael
D:15:     hellmonk_depths_entry_around_the_bend, layout_basic, serial_shops,
          nicolae_shop_pleasant_corner_grove, dreamdust_mushroom_princess
Temple:   nicolae_temple_x_marks_the_god
Lair:1:   layout_gridlike
Lair:2:   layout_gridlike, minmay_shoals_entry_hut, alex1729_snake_entry_snake,
          nicolae_lair_run_with_the_wolves, lemuel_fruit_fields
Lair:3:   layout_roguey [special_room_bee], hellmonk_ghost_happy_afterlife,
          uniq_snorg, uniq_sonja
Lair:4:   pond_and_an_island_with_a_cottage, layout_gridlike,
          minmay_slime_entry_jelly_boxes, nicolae_volcano_entry_s_turn,
          nicolae_lair_time_for_slime, uniq_nessos
Lair:5:   due_jungle_book, layout_loops_ring, ebering_ghost_inner_flame
Shoals:1: layout_shoals, uniq_aizul
Shoals:2: layout_shoals
Shoals:3: layout_shoals, nicolae_specific_store, uniq_polyphemus
Shoals:4: shoals_end_grunt_ice, layout_shoals, shoals_ilsuiw_alternative,
          serial_shops, shop, kb_tengu_band
Snake:1:  hangedman_cross_stitches, layout_gridlike, nicolae_custom_books,
          serial_bayou_shore_b
Snake:2:  layout_layer_cave, basic_altar, portal_ice_cave_entry_ice_statue_two,
          nicolae_take_the_stairs
Snake:3:  layout_cave_town, nrook_guardian_serpent_double, grunt_megastairs_5
Snake:4:  grunt_snake_rune_pools, layout_gridlike
Orc:1:    layout_caves, serial_shops, nicolae_shop_waterfront, uniq_jorgrun,
          uniq_harold, uniq_erica
Orc:2:    st_orc_rangers, layout_diamond_mine, special_room, uniq_maurice
Elf:1:    eino_elf_arrival_altar, layout_gridlike, hangedman_elf_disciples
Elf:2:    nicolae_elf_blades_splatter_lattice [nicolae_blade_tridents],
          layout_loops_cross
Elf:3:    minmay_elf_hall_curves, layout_geoelf_castle, drop_trap,
          serial_sigils_hangedman_confine, uniq_louise
Vaults:1: v_pattern_2, nicolae_vaults_triangles, ontoclasm_vaults_spin,
          nicolae_vaults_twisting_passages, vaults_room_ringed_pool,
          ontoclasm_vaults_decontamination,
          nicolae_vaults_offset_grid_hallway_1, v_misc_11,
          vaults_room_semicircle, layout_vaults_quadrants, uniq_norris,
          uniq_nikola
Vaults:2: v_misc_18, nicolae_vaults_frosty_reception,
          nicolae_vaults_tetromino_T_2, nicolae_vaults_ring_of_whatevers,
          hangedman_vaults_capsules, nicolae_vaults_oval_intersection,
          nicolae_vaults_tetromino_L_1, ontoclasm_vaults_ligature, v_misc_8,
          vaults_mumra_lcd, nicolae_vaults_closet_pinwheel_3,
          nicolae_vaults_closet_pinwheel_1, dpeg_vaults_monster_box,
          nicolae_vaults_storage_room_glass, layout_vaults_ring, serial_shops,
          nicolae_shop_trees
Vaults:3: ontoclasm_vaults_bender, blue_anna_dwarven_crypt,
          nicolae_vaults_mini_display_case, ontoclasm_vaults_ring_small,
          v_misc_30, nicolae_vaults_meiosis, v_misc_17,
          grunt_vaults_hallway_short, nicolae_vaults_layer_cake_slice,
          nicolae_vaults_offset_grid_hallway_2,
          serial_library_regret_index_small_wings, vaults_dpeg_encased_lava,
          lightli_church_of_beogh, hangedman_vaults_trim,
          nicolae_vaults_trapezoid_lopsided_1, layout_vaults_maze_snakey
Vaults:4: v_misc_33, nicolae_vaults_mush_room, nicolae_vaults_octothorpe,
          nicolae_vaults_closet_pinwheel_6, v_misc_5, vaults_dpeg_ring,
          nicolae_vaults_rhombus_5, nicolae_vaults_tetromino_T_2,
          vaults_room_pools, layout_vaults_chaotic_city, serial_shops, shop,
          nicolae_shop_waterfront
Vaults:5: uniq_xtahua, uniq_margery
Depths:1: layout_cave_pools, enter_ziggurat_a, abyss_entry_flame_altar,
          hangedman_coc_ice_floe, chequers_serial_rivers_large_a, minislime_mu
Depths:2: minmay_skeleton_keep, layout_basic, hell_entry,
          nicolae_kite_square_tiling_tiny, rand_demon_pan_entry_7,
          minmay_shattered_shrine
Depths:3: grated_community_mu [grated_community_mu_vampire_home,
          grated_community_mu_giant_home, grated_community_mu_spellcaster_home,
          grated_community_mu_orcish_home, grated_community_mu_troll_home,
          grated_community_mu_taur_home, grated_community_mu_unbuilt_plot],
          layout_cave_shapes, hangedman_abyss_or_decor_lesser_grid,
          rand_demon_pan_entry_3, grunt_hell_entry_dis_old, mu_enter_wizlab_1,
          abyss_entry, minmay_staircase_bubble, uniq_jory
Depths:4: grunt_zot_entry_funnels, layout_cave_shapes, hell_entry, nrook_uturn,
          chequers_hall_statues_y
Zot:1:    layout_misc_corridors, zot_minivault_7, uniq_parghit
Zot:2:    hangedman_snap_crack_crunch, layout_onion_interference,
          regret_index_zotdec_fiery_em, lemuel_baited_zot_trap,
          nicolae_zot_crop_circle
Zot:3:    layout_cathedral_of_symmetry
Zot:4:    layout_onion_interference, basic_altar,
          regret_index_zotdec_slimy_original, hangedman_zot_decor_scrapings,
          st_small_dragon_hoard_5, st_stairs_6, grunt_megastairs_1
Zot:5:    layout_gridlike

Skill      XL: |  1  2  3  4  5  6  7  8  9 10 11 12 13 14 15 16 17 18 19 20 21 22 23 24 25 26 27 |
---------------+----------------------------------------------------------------------------------+-----
Stealth        | 2 3 4 5 6 8 10 12 | 12.0
Ranged Weapons | 3 4 5 6 8 10 12 13 15 16 18 19 20 21 22 23 24 25 26 27 | 27.0
Fighting       | 2 3 5 7 8 9 10 11 13 14 15 16 17 18 19 20 26 | 26.4
Dodging        | 3 4 5 6 8 9 10 11 13 14 15 16 17 18 19 21 22 23 27 | 27.0
Short Blades   | 1 4 |  4.0
Spellcasting   | 2 3 4 5 6 |  6.0
Hexes          | 4 5 6 7 8 9 12 | 12.0
Ice Magic      | 3 4 5 6 |  6.0
Invocations    | 4 5 6 8 9 10 12 14 18 | 18.0
Evocations     | 4 6 8 9 10 11 12 13 14 | 14.0
Armour         | 4 7 8 9 10 12 | 12.0
Translocations | 4 5 7 8 9 |  9.0
Air Magic      | 2 5 6 7 8 12 | 12.0
Alchemy        | 12 | 12.0
Fire Magic     | |  1.0

Action                     |  1- 3 |  4- 6 |  7- 9 | 10-12 | 13-15 | 16-18 | 19-21 | 22-24 | 25-27 || total
---------------------------+-------+-------+-------+-------+-------+-------+-------+-------+-------++-------
  Melee: Dagger            |    25 |    24 |       |       |       |       |       |       |       ||    49
         Punch             |     1 |     1 |       |       |       |       |       |       |       ||     2
         Short sword       |       |    18 |    63 |       |       |       |       |       |       ||    81
         Triple crossbow   |       |       |       |       |       |       |       |       |     1 ||     1
   Fire: Sling             |    59 |    63 |    10 |       |       |       |       |       |       ||   132
         Orcbow            |       |       |   151 |   447 |       |       |       |       |       ||   598
         Triple crossbow   |       |       |       |    41 |   599 |   866 |   782 |   631 |  2506 ||  5425
  Throw: Dart              |       |       |     1 |       |       |       |       |       |       ||     1
   Cast: Jinxbite          |     6 |    18 |    42 |    62 |    28 |     6 |     2 |       |       ||   164
         Ozocubu's Armour  |       |       |       |    40 |    64 |    45 |    25 |    25 |    56 ||   255
         Tukima's Dance    |       |       |       |     8 |     1 |     7 |       |       |       ||    16
         Cause Fear        |       |       |       |       |     4 |     1 |       |       |       ||     5
         Dimensional Bulls |       |       |       |       |     2 |    20 |     9 |    30 |   123 ||   184
         Teleport Other    |       |       |       |       |       |     1 |       |       |       ||     1
         Swiftness         |       |       |       |       |       |       |     4 |     9 |    29 ||    42
         Passage of Golubr |       |       |       |       |       |       |       |     4 |     3 ||     7
         Yara's Violent Un |       |       |       |       |       |       |       |       |    15 ||    15
         Silence           |       |       |       |       |       |       |       |       |     8 ||     8
         Blink             |       |       |       |       |       |       |       |       |     1 ||     1
 Invoke: Heal Self         |       |       |       |     1 |    10 |    13 |     7 |     3 |    21 ||    55
         Divine Vigour     |       |       |       |       |     1 |       |       |       |     3 ||     4
         Purification      |       |       |       |       |       |     2 |     1 |       |     3 ||     6
  Evoke: Wand              |       |       |     3 |       |     3 |       |     1 |       |    10 ||    17
         Phantom mirror    |       |       |       |       |     1 |       |       |       |     1 ||     2
         Sack of spiders   |       |       |       |       |       |       |     1 |     1 |     4 ||     6
         Lightning rod     |       |       |       |       |       |       |       |     4 |       ||     4
    Use: Scroll            |       |     7 |     8 |    11 |    13 |    14 |     2 |     4 |    28 ||    87
         Potion            |       |       |     1 |       |       |     2 |     1 |     1 |    13 ||    18
   Stab: Sleeping          |       |     1 |       |       |       |       |       |       |       ||     1
 Armour: Robe              |    15 |    20 |    67 |   206 |   235 |    26 |       |       |       ||   569
         Leather armour    |       |       |       |       |       |    81 |    60 |   182 |   709 ||  1032
         Ring mail         |       |       |       |       |       |   230 |   169 |       |       ||   399
  Dodge: Dodged            |    40 |    39 |   130 |   418 |   653 |   767 |   544 |   348 |  1997 ||  4936
  Block: Other             |       |       |       |       |       |    94 |    90 |    47 |   256 ||   487
         Reflection        |       |       |       |       |       |     7 |    23 |     4 |    15 ||    49
